Map: Orbital Shipyard

Players

propagare

  • Race: Terran Terran
  • League: Gold

Jurassic - Winner!

  • Race: Protoss Protoss
  • League: Gold

VOD

Have the link to the VOD?

Description

Time

  • Played on: Jan. 10, 2016, 10:35 p.m.
  • Length: 8:08
Show
View Real Time Build Order
Export as new Build Order

propagare Terran 

Build Orders: Reaper Expand 

Get SALT Encoding   

  12  0:00  SCV  
  13  0:13  SCV  
  14  0:17  Supply Depot  
  14  0:25  SCV  
  15  0:39  SCV  
  15  0:40  Barracks  
  16  0:47  Refinery  
  16  0:51  SCV  
  17  1:03  SCV  
  18  1:15  SCV  
  19  1:28  Orbital Command  
  19  1:32  Reaper  
  20  1:41  Command Center  
  20  1:54  SCV  
  20  1:59  Supply Depot  
  21  2:17  SCV  
  21  2:20  Factory  
  22  2:30  SCV  
  22  2:32  Marine  
  24  2:40  Supply Depot  
  24  2:42  SCV  
  24  3:00  Marine  
  24  3:04  Bunker  
  24  3:05  Factory Tech Lab, Refinery  
  25  3:07  SCV  
  25  3:08  Orbital Command  
  26  3:19  SCV  
  27  3:22  Marine  
  27  3:24  Siege Tank  
  31  3:37  SCV  
  31  3:38  SCV  
  33  3:46  Marine  
  34  3:49  SCV  
  34  3:50  SCV  
  34  3:53  Engineering Bay  
  36  3:58  Starport  
  36  4:06  Widow Mine  
  36  4:07  SCV x2  
  40  4:14  Command Center  
  40  4:16  Refinery x2  
  40  4:17  Marine  
  40  4:19  SCV x2  
  40  4:21  Terran Infantry Weapons Level 1  
  40  4:22  Missile Turret  
  43  4:25  Missile Turret  
  43  4:31  SCV x2  
  43  4:35  Marine  
  43  4:38  Cyclone  
  49  4:43  SCV x2  
  51  4:50  Medivac  
  53  4:53  Marine  
  54  5:01  Supply Depot  
  54  5:07  Supply Depot  
  54  5:22  SCV x2, Cyclone, Medivac, Marine  
  54  5:27  Supply Depot  
  54  5:28  Supply Depot  
  62  5:34  SCV x2  
  64  5:37  Orbital Command  
  64  5:40  Factory, Marine  
  65  5:46  SCV x2  
  67  5:54  Siege Tank  
  70  6:02  Missile Turret, Marine  
  71  6:04  Medivac  
  73  6:20  Barracks, Marine  
  73  6:21  Barracks  
  74  6:27  Widow Mine x2  
  74  6:32  SCV x2  
  80  6:38  Marine  
  81  6:44  SCV x2  
  81  6:46  Orbital Command  
  82  6:56  Marine  
  80  7:07  SCV x2  
  81  7:13  SCV  
  81  7:14  Marine  
  83  7:19  SCV x2  
  83  7:20  Factory Reactor  
  83  7:21  Siege Tank, Starport Reactor  
  83  7:22  Orbital Command  
  88  7:24  Barracks Tech Lab x2  
  88  7:28  Barracks  
  89  7:31  SCV  
Show
View Real Time Build Order
Export as new Build Order

Jurassic Protoss - Winner!

Build Orders:  

Get SALT Encoding   

  12  0:01  Probe (Chrono Boost)  
  13  0:11  Probe (Chrono Boost)  
  14  0:20  Pylon  
  14  0:22  Probe (Chrono Boost)  
  15  0:38  Probe (Chrono Boost)  
  15  0:40  Gateway  
  16  0:44  Assimilator  
  16  0:49  Probe (Chrono Boost)  
  17  0:53  Pylon  
  17  0:59  Probe (Chrono Boost)  
  18  1:10  Probe (Chrono Boost)  
  19  1:23  Probe (Chrono Boost)  
  20  1:28  Cybernetics Core  
  20  1:34  Probe (Chrono Boost)  
  21  1:44  Probe (Chrono Boost)  
  22  1:50  Nexus  
  22  1:56  Pylon  
  22  1:59  Probe (Chrono Boost)  
  23  2:11  Mothership Core (Chrono Boost)  
  23  2:13  Adept  
  23  2:15  Warp Gate  
  26  2:25  Pylon  
  26  2:29  Probe (Chrono Boost)  
  27  2:38  Assimilator  
  27  2:40  Probe (Chrono Boost)  
  27  2:41  Adept  
  30  2:55  Probe (Chrono Boost)  
  31  3:05  Probe (Chrono Boost), Robotics Facility  
  32  3:06  Probe (Chrono Boost)  
  33  3:14  Adept  
  33  3:16  Probe (Chrono Boost)  
  36  3:27  Gateway x2  
  36  3:29  Probe (Chrono Boost)  
  36  3:32  Probe (Chrono Boost)  
  38  3:40  Probe (Chrono Boost)  
  39  3:42  Probe (Chrono Boost)  
  39  3:43  Pylon  
  39  3:47  Stalker  
  42  3:53  Pylon  
  42  3:54  Probe (Chrono Boost)  
  43  3:56  Observer  
  43  4:00  Probe (Chrono Boost)  
  45  4:04  Probe (Chrono Boost)  
  46  4:10  Gateway  
  46  4:11  Probe (Chrono Boost)  
  46  4:14  Gateway  
  47  4:21  Gateway  
  47  4:29  Gateway  
  47  4:32  Pylon  
  47  4:34  Probe x2 (Chrono Boost)  
  49  4:42  Immortal (Chrono Boost)  
  53  4:50  Pylon  
  53  4:52  Probe, Assimilator  
  53  4:53  Probe  
  55  5:05  Probe  
  56  5:10  Pylon  
  56  5:17  Immortal (Chrono Boost)  
  60  5:24  Pylon  
  60  5:30  Probe  
  60  5:33  Adept x4  
  60  5:34  Adept x3  
  75  5:51  Immortal (Chrono Boost)  
  75  5:54  Stalker  
  75  5:55  Stalker x2  
  85  5:58  Stalker  
  87  6:04  Stalker  
  87  6:06  Stalker  
  87  6:10  Stalker  
  93  6:24  Warp Prism (Chrono Boost)  
  95  6:31  Pylon  
  95  6:33  Pylon  
  95  6:34  Pylon  
  95  6:47  Adept x2  
  95  6:48  Adept x4  
  95  6:49  Adept  
  104  7:19  Immortal (Chrono Boost)  
  104  7:22  Adept x3  
  110  7:23  Adept x4  
  108  7:46  Adept x2  
  108  7:47  Adept x5  
Tags
 
Add a new tag
Caveats
  • Supply blocks, unpowered buildings, or Contaminate may cause inaccurate times.
  • Supply counts are checked every 10 seconds.